 Dungeon Crawl Stone Soup version 0.30.0 (webtiles) character file.

Game seed: 2237468896875725561

5875 Meow the Destroyer (level 10, -7/96 HPs)
             Began as a Naga Conjurer on Dec 20, 2023.
             Was an Initiate of Gozag.
             Engulfed by a fire crab's flame (17 damage)
             ... in a Gauntlet.
             The game lasted 00:26:18 (9161 turns).

Meow the Destroyer (Naga Conjurer)                  Turns: 9161, Time: 00:26:18

Health: -7/96      AC: 17    Str:  9    XL:     10   Next: 81%
Magic:  11/22      EV:  7    Int: 24    God:    Gozag
Gold:   334        SH:  0    Dex:  9    Spells: 7/26 levels left

rFire   . . .        a - +7 long sword "Peshop" {freeze, SInv}
rCold   + . .        (no shield)
rNeg    + . .        m - +2 robe {rN+}
rPois   +            (no helmet)
rElec   .            (no cloak)
rCorr   .            n - +2 pair of gloves
SInv    +            s - +4 barding
Will    +....        L - amulet of magic regeneration
Stlth   ++           G - ring of protection from cold
HPRegen 0.36/turn    (no ring)
MPRegen 0.58/turn

%: no teleportation
@: very slightly contaminated, very slow
A: AC +3, large, see invisible, deformed body, poison resistance, slowness 2,
spit poison 1, naga tail 1
a: Spit Poison, Renounce Religion, Potion Petition, Call Merchant, Bribe Branch


You were in a Gauntlet.
You worshipped Gozag.
Gozag was aware of your devotion.
You visited 3 branches of the dungeon, and saw 11 of its levels.
You also visited: Gauntlet.

You collected 786 gold pieces.
You spent 286 gold pieces at shops.
You paid 166 gold pieces to Gozag.

Inventory:

Hand Weapons
 a - the +7 long sword "Peshop" (weapon) {freeze, SInv}
   (You found it on level 5 of the Dungeon)

   SInv:      It lets you see invisible.
 N - the +10 war axe "Foir" {drain, Will- Int-5 Dex+7}
   (You took it off a gnoll on level 9 of the Dungeon)

   Int:       It affects your intelligence (-5).
   Dex:       It affects your dexterity (+7).
   Will:      It decreases your willpower.
Missiles
 f - 83 stones
 j - 23 poisoned darts
 q - 4 atropa-tipped darts
 r - 5 boomerangs
 C - 2 throwing nets
 D - 3 javelins
Armour
 m - a +2 robe of positive energy (worn)
 n - a +2 pair of gloves (worn)
 s - a +4 barding (worn)
 z - the +3 ring mail of Vyafuf {rElec rF+ Dex+4}
   (You found it on level 4 of the Dungeon)

   Dex:       It affects your dexterity (+4).
   rF:        It protects you from fire.
   rElec:     It insulates you from electricity.
Jewellery
 G - a ring of protection from cold (left hand)
 L - an amulet of magic regeneration (around neck)
Wands
 B - a wand of paralysis (5)
Scrolls
 c - 2 scrolls of enchant weapon
 d - a scroll of fear {unknown}
 e - a scroll of fog {unknown}
 g - 2 scrolls of enchant armour
 h - 7 scrolls of teleportation
 k - a scroll of brand weapon {unknown}
 t - 3 scrolls of torment
 u - a scroll of magic mapping {unknown}
 y - a scroll of acquirement {unknown}
 I - 2 scrolls of immolation {unknown}
 J - 2 scrolls of poison {unknown}
Potions
 b - a potion of magic
 i - a potion of lignification
 l - a potion of mutation
 o - a potion of cancellation {unknown}
 p - 3 potions of invisibility
 v - 2 potions of brilliance {unknown}
 w - 3 potions of attraction
 E - a potion of might {unknown}
 K - 3 potions of flight {unknown}
 M - a potion of resistance {unknown}
 O - a potion of haste {unknown}


   Skills:
 - Level 8.0 Fighting
 - Level 1.5 Dodging
 - Level 3.0 Stealth
 + Level 8.9 Spellcasting
 + Level 10.8 Conjurations


You had 7 spell levels left.
You knew the following spells:

 Your Spells              Type           Power      Damage    Failure   Level
a - Magic Dart            Conj           100%       1d8       1%          1
b - Searing Ray           Conj           100%       2d8       1%          2
c - Mephitic Cloud        Conj/Pois/Air  28%        N/A       4%          3
f - Freezing Cloud        Conj/Ice/Air   14%        6-21      36%         5
B - Iskenderun's Mystic   Conj/Tloc      36%        2d9       6%          4
F - Fulminant Prism       Conj/Hex       18%        3d11      6%          4

Your spell library contained the following spells:

 Spells                   Type           Power      Damage    Failure   Level
 Dazzling Flash           Conj/Hex       72%        N/A       1%          3
 Beastly Appendage        Tmut           20%        N/A       6%          1
 Cigotuvi's Dreadful Rot  Necr/Pois/Air  20%        N/A       9%          2
 Poisonous Vapours        Pois/Air       20%        N/A       9%          2
 Wereblood                Tmut           10%        N/A       9%          2
 Spider Form              Tmut/Pois      10%        N/A       19%         3
 Dispel Undead            Necr           10%        3d9       52%         4
 Death Channel            Necr           5%         N/A       100%        6


Dungeon Overview and Level Annotations

Branches:
Dungeon (9/15)             Temple (1/1) D:7            Lair (1/5) D:9
Gauntlet (1/1)
    Orc: D:9-12

Altars:
Ashenzari
Cheibriados
Dithmenos
Elyvilon
Fedhas
Gozag
Hepliaklqana
Kikubaaqudgha
Makhleb
Nemelex Xobeh
Okawaru
Qazlal
Ru
Sif Muna
Vehumet
Wu Jian
Xom
Yredelemnul
Zin
The Shining One

Shops:
D:6 :[!:*

Annotations:
Gauntlet 13 transporters


Innate Abilities, Weirdness & Mutations

Your serpentine skin is tough. (AC +3)
You have supernaturally acute eyesight. (SInv)
Armour fits poorly on your strangely shaped body.
Your system is resistant to poisons. (rPois)
You cover ground very slowly.
You can spit poison.
You have a snake-like lower body.


Message History

The fire crab breathes flames at you.
The blast of flame engulfs you but does no damage.
Unknown command.
Casting: Freezing Cloud (dangerous; 36% risk of failure)
Confirm with . or Enter, or press ? or * to list all spells.
Aiming: Freezing Cloud (dangerous; 36% risk of failure)
Press: ? - help, Dir - move target You miscast Freezing Cloud.
You are lightly contaminated with residual magic.
You are blasted with air!
You are engulfed in blazing flames.
The fire bat bites you.
You are engulfed in flames.
The fire bat bites you.
You are engulfed in flames!
Okay, then.
Press: ? - help, v - describe, . - travel The floor, spattered with blood.
There is a cloud of flame here.
Unknown command.
The fire bat bites you.
You are engulfed in flames.
* * * LOW HITPOINT WARNING * * *
The fire bat bites you but does no damage.
The fire crab breathes flames at you.
The blast of flame engulfs you but does no damage.
Unknown command.
Okay, then.
Okay, then.
Unknown command.
Press: ? - help, v - describe, . - travel The floor, spattered with blood.
There is a cloud of flame here.
You feel better.
You are engulfed in blazing flames.
* * * LOW HITPOINT WARNING * * *
The fire bat bites you but does no damage. x2
The fire crab bites you.
* * * LOW HITPOINT WARNING * * *
You are engulfed in flames!
* * * LOW HITPOINT WARNING * * *
The fire crab claws you but does no damage.
You feel better.
You are engulfed in blazing flames.
You die...
Your body crumbles into a pile of gold.

#≈≈≈#≈≈≈#≈≈≈#≈≈≈#
#≈...∩...∩...≈#
##...........##
##≈.....©.....≈##
#≈≈.#########.≈≈#
##≈.#....bt.#.≈##
##.#..####°#.##
##≈.#.##.°#t#.≈##
#≈≈.#.#°°#@b#.≈≈#
##≈.#.#°##°°#.≈##
##.#.##.°.°#.##
##≈.#.=$©)..#.≈##
#≈≈.#########.≈≈#
##≈.#8..©#....≈##
##.#©...#.8..##
##≈.#8..©#....≈##
#≈≈.#########.≈≈#


You could see a fire crab and a fire bat.

Vanquished Creatures
  A two-headed ogre (D:9)
  Psyche (D:8)
  A fire bat (Gauntlet)
  3 yaks (D:9)
  3 wyverns
  Menkaure (D:4)
  3 water moccasins
  5 orc warriors
  2 ice beasts
  4 ogres
  A centaur (D:6)
  2 phantoms
  2 bullfrogs
  A kobold brigand (D:9)
  A gnoll sergeant (D:9)
  6 scorpions
  3 wights (D:9)
  11 killer bees
  4 hounds
  5 orc priests
  2 jellies
  4 iguanas
  Jessica (D:2)
  16 orc wizards
  12 gnolls
  2 adders
  A shadow imp (D:6)
  2 white imps
  3 dart slugs
  44 orcs
  7 endoplasms
  8 giant cockroaches
  2 goblins (D:2)
  6 hobgoblins
  11 jackals
  17 kobolds
  4 quokkas
  8 ball pythons
  4 bats
  2 frilled lizards (D:3)
  3 rats
219 creatures vanquished.

Vanquished Creatures (others)
  15 fulminant prisms
  29 fungi
  15 plants (D:9)
59 creatures vanquished.

Grand Total: 278 creatures vanquished

Notes
Turn   | Place    | Note
-------+----------+-------------------------------------------
     0 | D:1      | Meow the Naga Conjurer began the quest for the Orb.
     0 | D:1      | Reached XP level 1. HP: 15/15 MP: 3/3
   116 | D:1      | Reached XP level 2. HP: 22/22 MP: 5/5
   119 | D:1      | Learned a level 2 spell: Searing Ray
   551 | D:1      | Reached XP level 3. HP: 28/28 MP: 6/6
  1354 | D:2      | Noticed Jessica
  1362 | D:2      | Killed Jessica
  1363 | D:2      | Reached skill level 5 in Conjurations
  1363 | D:2      | Reached XP level 4. HP: 36/36 MP: 4/8
  2224 | D:3      | Learned a level 4 spell: Iskenderun's Mystic Blast
  2830 | D:3      | Found a hazy altar of Hepliaklqana.
  3114 | D:4      | Noticed Menkaure
  3138 | D:4      | Reached XP level 5. HP: 42/42 MP: 7/9
  3321 | D:4      | Identified the +3 ring mail of Vyafuf {rElec rF+ Dex+4}
  3355 | D:4      | Reached skill level 6 in Conjurations
  3461 | D:5      | Entered Level 5 of the Dungeon
  3477 | D:5      | Reached XP level 6. HP: 49/49 MP: 5/11
  3532 | D:5      | Learned a level 4 spell: Fulminant Prism
  3640 | D:5      | Reached skill level 7 in Conjurations
  3640 | D:5      | Reached XP level 7. HP: 55/55 MP: 4/13
  3711 | D:5      | Found a shimmering altar of Xom.
  3787 | D:5      | Reached skill level 5 in Spellcasting
  4013 | D:5      | Identified the +7 long sword "Peshop" {freeze, SInv}
  4464 | D:4      | Reached XP level 8. HP: 62/62 MP: 8/16
  4600 | D:4      | Reached skill level 8 in Conjurations
  4645 | D:4      | Found a shadowy altar of Dithmenos.
  4645 | D:4      | Found a sacrificial altar of Ru.
  4723 | D:4      | Killed Menkaure
  5063 | D:6      | Found Soapih's Distillery.
  5077 | D:6      | Found Cegirr's Book Boutique.
  5404 | D:7      | Reached skill level 9 in Conjurations
  5418 | D:7      | Reached XP level 9. HP: 41/68 MP: 2/19
  5840 | D:7      | Found a staircase to the Ecumenical Temple.
  5849 | Temple   | Entered the Ecumenical Temple
  6510 | D:7      | Reached skill level 10 in Conjurations
  6510 | D:7      | Reached skill level 1 in Fighting
  6839 | D:6      | Bought a book of Vapours for 286 gold pieces
  6843 | D:6      | Learned a level 3 spell: Mephitic Cloud
  6855 | D:6      | Found Fufaaw's Armour Shop.
  6924 | D:6      | Found Byll's Book Shop.
  6973 | D:6      | Found Ihaan's General Store.
  7034 | D:6      | Identified the +8 great sword of Miuhacuin {venom, rElec
                  | Will- Int+3}
  7202 | D:8      | Noticed Psyche
  7245 | D:9      | Reached skill level 5 in Fighting
  7262 | D:9      | Reached XP level 10. HP: 35/91 MP: 1/22
  7374 | D:9      | Identified the +10 war axe "Foir" {drain, Will- Int-5
                  | Dex+7}
  7559 | D:9      | Found a shimmering blue altar of Sif Muna.
  7575 | D:9      | Found an opulent altar of Gozag.
  7584 | D:9      | Noticed a two-headed ogre
  7590 | D:9      | Killed a two-headed ogre
  7601 | D:9      | Became a worshipper of Gozag Ym Sagoz the Greedy
  7644 | D:9      | Learned a level 5 spell: Freezing Cloud
  8023 | D:9      | Found a staircase to the Lair.
  8148 | D:9      | Found a white marble altar of Elyvilon.
  8383 | D:8      | Killed Psyche
  8957 | Lair:1   | Entered Level 1 of the Lair of Beasts
  8960 | Lair:1   | Noticed a death yak
  8969 | Lair:1   | Found a gate leading to a gauntlet.
  8979 | Gauntlet | Entered a Gauntlet
  8979 | Gauntlet | Found a transporter.
  8984 | Gauntlet | Noticed a fire crab
  8989 | Gauntlet | Found a transporter.
  8989 | Gauntlet | Found the ring of the Mage {Wiz Archmagi}
  8992 | Gauntlet | Found a transporter.
  8993 | Gauntlet | Found a transporter.
  8997 | Gauntlet | Noticed a death scarab
  8997 | Gauntlet | Noticed a spectral death yak
  9001 | Gauntlet | Found a transporter.
  9004 | Gauntlet | Found a transporter.
  9005 | Gauntlet | Found a transporter.
  9009 | Gauntlet | Noticed a balrug
  9016 | Gauntlet | Found a transporter.
  9017 | Gauntlet | Found a transporter.
  9021 | Gauntlet | Noticed a sixfirhy
  9025 | Gauntlet | Noticed a sixfirhy
  9028 | Gauntlet | Found a transporter.
  9028 | Gauntlet | Found a transporter.
  9029 | Gauntlet | Found a transporter.
  9037 | Gauntlet | Found a transporter.
  9038 | Gauntlet | Noticed a ghost crab
  9073 | Gauntlet | Found a transporter.
  9160 | Gauntlet | HP: 1/96 [fire crab (15)]
  9161 | Gauntlet | Engulfed by a fire crab's flame

Illustrated notes

Levels and vault maps discovered:
D:1:      minmay_arrival_four_houses, layout_basic, grunt_decor_junction,
          chequers_serial_rivers_large_a, kennysheep_flooded_box
D:2:      layout_loops_ring, kennysheep_generic_room_16, uniq_jessica
D:3:      layout_basic, nicolae_hepliaklqana_hazy_memory,
          kennysheep_generic_room_12
D:4:      layout_cave_pools, gammafunk_temple_overflow_wave, uniq_menkaure
D:5:      layout_basic, nicolae_overflow_crystal_walls,
          kennysheep_generic_room_14
D:6:      layout_cave_pools, serial_shops, nicolae_shop_behind_doors, shop,
          nicolae_shop_tiny_real_fake_doors, shop, shop, st_stairs_14
D:7:      minmay_flawed_box, layout_cave_pods, minmay_temple_entry_waves,
          serial_column_ruins, column_ruins_corridor_straight,
          column_ruins_open_tiny, column_ruins_grid_1, column_ruins_open_tiny,
          column_ruins_grid_2, eino_jars
D:8:      layout_gridville, minivault_11, uniq_psyche
D:9:      layout_basic, mainiacjoe_overflow_catwalk, mainiacjoe_overflow_paths,
          kennysheep_mini_moat, grunt_lair_entry_orc_guard_hut,
          hangedman_decor_slide_cut, nicolae_titane
Temple:   oiseaux_autumnal_temple
Lair:1:   layout_roguey, gauntlet_entry_generic
Gauntlet: gammafunk_gauntlet_77_escape_option
          [minmay_gauntlet_arena_77_hold_the_fort,
          minmay_gauntlet_arena_77_mess,
          minmay_gauntlet_arena_77_radiant_squares,
          minmay_gauntlet_arena_77_chump_sandwich,
          minmay_gauntlet_arena_77_broken_ladder,
          dreamdust_gauntlet_exit_labyrinth]

Skill      XL: |  1  2  3  4  5  6  7  8  9 10 |
---------------+-------------------------------+-----
Conjurations   | 5 6 7 9 10 | 10.8
Spellcasting   | 3 4 5 7 8 |  8.9
Fighting       | 6 8 |  8.0
Dodging        | |  1.5
Stealth        | |  3.0

Action                     |  1- 3 |  4- 6 |  7- 9 | 10-12 || total
---------------------------+-------+-------+-------+-------++-------
  Melee: Short sword       |     2 |       |       |       ||     2
         Falchion          |       |     5 |       |       ||     5
         Long sword        |       |       |    20 |     5 ||    25
   Cast: Magic Dart        |    30 |    32 |    13 |     7 ||    82
         Searing Ray       |     4 |    18 |    62 |    34 ||   118
         Fulminant Prism   |       |       |    11 |     5 ||    16
         Iskenderun's Myst |       |       |       |     1 ||     1
Ability: Spit Poison       |    19 |    27 |    35 |    15 ||    96
  Evoke: Wand              |       |       |     3 |       ||     3
    Use: Scroll            |       |     5 |     3 |     4 ||    12
         Potion            |       |       |       |     2 ||     2
   Stab: Paralysed         |       |       |     3 |       ||     3
 Armour: Robe              |       |    17 |    43 |    24 ||    84
  Dodge: Dodged            |     1 |     8 |    75 |    21 ||   105
